[Event "Titled Tuesday Blitz August 1 Late 2023"]
[White "Sokolovsky, Yahli"]
[Black "Rios Escobar, Adan"]
[WhiteFideId "2820242"]
[BlackFideId "3403645"]
[WhiteElo "2681"]
[BlackElo "2451"]
[Result "0-1"]
[Round "2"]
[TimeControl "180+1"]
[Date "2023.08.01"]
[WhiteClock "0:00:02"]
[BlackClock "0:00:02"]
[Board "63"]

1. b3 e5 2. Bb2 d6 3. e3 Nf6 4. c4 c5 5. Nc3 Nc6 6. g3 g6 7. Bg2 Bg7 8. Nge2 O-O 9. Nd5 Be6 10. Nec3 a6 11. Nxf6+ Bxf6 12. Nd5 Bg7 13. h4 Rb8 14. h5 b5 15. d3 Ne7 16. Nxe7+ Qxe7 17. Qd2 Rfd8 18. e4 Rb7 19. Bh3 Ra8 20. Qc2 a5 21. Bxe6 Qxe6 22. cxb5 Rxb5 23. Qc4 Qxc4 24. dxc4 Rb6 25. Kd2 a4 26. Kc2 Rab8 27. Bc3 axb3+ 28. axb3 Rxb3 29. hxg6 hxg6 30. Ra7 R3b7 31. Rha1 Bf8 32. R1a6 Rxa7 33. Rxa7 Kg7 34. f4 Re8 35. Rd7 Kf6 36. Rc7 Ke6 37. fxe5 dxe5 38. Ra7 f5 39. Ra6+ Bd6 40. Ba5 Rc8 41. Kd3 Kd7 42. Ra7+ Ke6 43. Ra6 Kd7 44. Ra7+ Ke6 45. Rg7 Kf6 46. Rd7 Ke6 47. Rg7 Kf6 48. Ra7 Kg5 49. Rd7 Rc6 50. Rg7 Bb8 51. Rg8 Bc7 52. Rc8 Rd6+ 53. Kc2 Bxa5 54. Rxc5 Bb4 55. Rxe5 Rd4 56. exf5 gxf5 57. Kb3 Be1 58. c5 Bxg3 59. Re8 Rd3+ 60. Kc4 Rd1 61. c6 Rc1+ 62. Kb5 Kg4 63. Rg8+ Kf3 64. Kb6 Be5 65. Re8 Ke4 66. Ra8 f4 67. Ra4+ Kf5 68. Ra3 Kg4 69. Ra4 Kg3 70. Re4 Bd6 71. Re6 Rd1 72. Kb5 f3 73. Rxd6 Rxd6 74. c7 Rd5+ 75. Kb4 Rd4+ 76. Kb3 Rd3+ 77. Kc2 f2 78. c8=Q f1=Q 79. Qg8+ Kf2 80. Qf7+ Rf3 81. Qa7+ Kg2 82. Qg7+ Rg3 83. Qb7+ Qf3 84. Qc7 Qf2+ 85. Kc1 Qf1+ 86. Kc2 Qe2+ 87. Kc1 Qe3+ 88. Kc2 Qe4+ 89. Kc1 Rf3 90. Qg7+ Kf2 91. Qb2+ Qe2 92. Qg7 Qe3+ 93. Kc2 Qd3+ 94. Kb2 Qb3+ 95. Ka1 Qc3+ 96. Ka2 Qxg7 0-1


[Site "https://www.chess.com"]

[Event "Titled Tuesday Blitz August 1 Late 2023"]
[White "WindWhistler11"]
[Black "Tanriverdi, Enes"]
[BlackFideId "34543279"]
[WhiteElo "2438"]
[BlackElo "2674"]
[Result "0-1"]
[Round "2"]
[TimeControl "180+1"]
[Date "2023.08.01"]
[WhiteClock "0:00:07"]
[BlackClock "0:00:19"]
[Board "64"]

1. Nf3 Nf6 2. g3 g6 3. Bg2 Bg7 4. d4 O-O 5. b3 b6 6. Nfd2 d5 7. Bb2 Bb7 8. c4 e6 9. O-O Qc8 10. Na3 dxc4 11. bxc4 Bxg2 12. Kxg2 Qb7+ 13. Kg1 Rd8 14. Qc2 Nc6 15. Nb3 h5 16. e4 h4 17. d5 exd5 18. cxd5 Ne7 19. Nb5 Rac8 20. Rac1 c6 21. dxc6 Rxc6 22. Qb1 h3 23. Bxf6 Bxf6 24. Rxc6 Nxc6 25. Rd1 Ne5 26. Rxd8+ Bxd8 27. f4 Nf3+ 28. Kf2 Nxh2 29. Qd1 Qc8 30. Nd6 Ng4+ 31. Kg1 Qd7 32. f5 Ne3 33. Qd4 Nc4 34. Qxc4 Qxd6 35. fxg6 Qxg3+ 36. Kf1 Qxg6 37. Qc8 Qg2+ 38. Ke1 h2 39. Qxd8+ Kh7 40. Qh4+ Kg7 0-1


[Site "https://www.chess.com"]

[Event "Titled Tuesday Blitz August 1 Late 2023"]
[White "Rastbod, Ali"]
[Black "Harriott, Tyrell"]
[WhiteFideId "12567477"]
[BlackFideId "2086484"]
[WhiteElo "2668"]
[BlackElo "2438"]
[Result "0-1"]
[Round "2"]
[TimeControl "180+1"]
[Date "2023.08.01"]
[WhiteClock "0:00:06"]
[BlackClock "0:00:27"]
[Board "65"]

1. e4 d5 2. exd5 Nf6 3. d4 Qxd5 4. c4 Qe4+ 5. Ne2 e5 6. Nc3 Bb4 7. f3 Qh4+ 8. g3 Qh5 9. Bg2 exd4 10. Nxd4 O-O 11. O-O Rd8 12. Nd5 Nxd5 13. Nb3 Nc6 14. cxd5 Rxd5 15. Qe2 Bh3 16. Bf4 Bxg2 17. Kxg2 Bd6 18. Bxd6 Rxd6 19. Rad1 Rh6 20. Kg1 Re6 21. Qf2 Rae8 22. Rfe1 Ne5 23. Kg2 Qg6 24. Nc5 R6e7 25. Re4 f5 26. Ree1 Qc6 27. Rf1 Ng4 28. Qd4 Ne3+ 29. Kg1 Nxd1 30. Rxd1 Qxf3 0-1


[Site "https://www.chess.com"]

[Event "Titled Tuesday Blitz August 1 Late 2023"]
[White "Todorovic, Bojan"]
[Black "Ezat, Mohamed"]
[WhiteFideId "917087"]
[BlackFideId "10600906"]
[WhiteElo "2433"]
[BlackElo "2666"]
[Result "0-1"]
[Round "2"]
[TimeControl "180+1"]
[Date "2023.08.01"]
[WhiteClock "0:00:11"]
[BlackClock "0:00:05"]
[Board "66"]

1. c4 Nf6 2. Nc3 g6 3. d4 Bg7 4. e4 d6 5. h3 O-O 6. Be3 e5 7. d5 Na6 8. g4 Nc5 9. Qc2 a5 10. Nge2 c6 11. Ng3 a4 12. Rd1 Qa5 13. Be2 cxd5 14. cxd5 Bd7 15. Kf1 Rfc8 16. Qd2 b5 17. f3 b4 18. Nb1 Bb5 19. h4 Bxe2+ 20. Qxe2 b3 21. a3 Qa6 22. Nc3 Nfd7 23. h5 Nb6 24. hxg6 hxg6 25. Nb5 Nbd7 26. Nc3 Nb6 27. Nb5 Nb7 28. Kf2 Rc2 29. Rd2 Rac8 30. Nc3 Qxe2+ 31. Kxe2 R2xc3 32. bxc3 Nc4 33. Nf1 Nxa3 34. Rd1 Nc4 35. Nd2 Nba5 36. Nxc4 Nxc4 37. Ra1 a3 38. Rhb1 Rb8 39. Bc1 b2 40. Bxb2 Rxb2+ 41. Rxb2 axb2 42. Rb1 Bh6 43. Kd3 Nd2 44. Rxb2 Nxf3 45. Rb8+ Bf8 46. Rd8 Kg7 47. c4 Ne1+ 48. Ke2 Nc2 49. Kd3 Nb4+ 50. Kc3 Na6 51. Kd3 Nc5+ 52. Ke3 Be7 53. Rc8 Bg5+ 54. Kf3 Kf6 55. Rc7 Kg7 56. Ra7 Bd8 57. Ra8 Be7 58. Ra7 Bf8 59. Rc7 Kf6 60. Ra7 g5 61. Ra8 Be7 62. Ra7 Nb3 63. Rb7 Nd2+ 64. Ke3 Nxc4+ 65. Kf3 Na3 66. Rb3 Nc2 67. Rc3 Nd4+ 68. Ke3 Kg7 69. Rc7 Kf6 70. Rb7 Nc2+ 71. Kf3 Ne1+ 72. Ke3 Ng2+ 73. Kf3 Nf4 74. Rc7 Ng6 75. Rb7 Nf8 76. Rc7 Ng6 77. Rb7 Kg7 78. Rc7 Kf8 79. Rb7 Ke8 80. Rb8+ Bd8 81. Rb7 Nf8 82. Ra7 Nd7 83. Ra8 Nb6 84. Ra1 Nc4 85. Rh1 Nd2+ 86. Ke3 Nc4+ 87. Kf3 Bb6 88. Rh2 Bd4 89. Rc2 Ne3 90. Re2 Nd1 91. Rd2 Nc3 92. Rh2 Nb5 93. Rh5 Bc5 94. Rxg5 Nd4+ 95. Kg2 Nc2 96. Rh5 Ne3+ 97. Kf3 Nf1 98. g5 Nd2+ 99. Kg4 Nxe4 100. Rh8+ Ke7 101. Rh7 Kf8 102. Kf5 Nc3 103. g6 fxg6+ 104. Kxg6 Nxd5 105. Kf5 Ne7+ 106. Ke6 Ng6 107. Kf6 Ne7 108. Rh8+ Ng8+ 109. Ke6 e4 110. Kd5 e3 111. Rh2 Nf6+ 112. Kc4 Ng4 113. Re2 Ne5+ 114. Kd5 Ke7 115. Rxe3 Bxe3 0-1


[Site "https://www.chess.com"]

[Event "Titled Tuesday Blitz August 1 Late 2023"]
[White "Korchmar, Vasiliy"]
[Black "i_like_explosions"]
[WhiteFideId "24131750"]
[WhiteElo "2665"]
[BlackElo "2422"]
[Result "1-0"]
[Round "2"]
[TimeControl "180+1"]
[Date "2023.08.01"]
[WhiteClock "0:00:46"]
[BlackClock "0:00:02"]
[Board "67"]

1. e4 c5 2. d4 cxd4 3. Qxd4 Nc6 4. Qd3 Nf6 5. Nc3 e5 6. Bg5 Be7 7. O-O-O d6 8. Bxf6 gxf6 9. Nge2 Be6 10. Nd5 Qd7 11. f4 O-O-O 12. f5 Bxd5 13. Qxd5 Bf8 14. Kb1 h5 15. Nc3 Ne7 16. Qa5 Kb8 17. Nb5 Nc6 18. Qa4 a6 19. Nc3 Nd4 20. Qa5 Rc8 21. Nd5 Be7 22. c3 Nc6 23. Qa4 Rhg8 24. Nb6 Qc7 25. Nxc8 Qxc8 26. Qb3 Rg7 27. Bxa6 Qc7 28. Bb5 Na7 29. Bc4 Bd8 30. Bd5 Nc8 31. h3 Nb6 32. g4 h4 33. Rd3 Be7 34. Rhd1 Nd7 35. Qb5 Nc5 36. R3d2 Rg8 37. Bxf7 Rd8 38. Bd5 Bf8 39. a4 Bh6 40. Re2 Bg5 41. a5 Ka7 42. Rc2 b6 43. b4 Na6 44. axb6+ Qxb6 45. Qxb6+ Kxb6 46. Kb2 Nc7 47. Kb3 Nb5 48. Ra2 Rc8 49. Rd3 Bf4 50. Bc4 Rd8 51. Bxb5 Kxb5 52. Ra5+ Kb6 53. Rad5 Kc6 54. c4 Bg5 55. c5 1-0


[Site "https://www.chess.com"]

[Event "Titled Tuesday Blitz August 1 Late 2023"]
[White "Reprintsev, Alexander"]
[Black "Manukyan, Sargis A."]
[WhiteFideId "14100541"]
[BlackFideId "13303970"]
[WhiteElo "2420"]
[BlackElo "2663"]
[Result "1/2-1/2"]
[Round "2"]
[TimeControl "180+1"]
[Date "2023.08.01"]
[WhiteClock "0:00:14"]
[BlackClock "0:00:07"]
[Board "68"]

1. e4 c5 2. Nf3 d6 3. c3 Nf6 4. Bd3 Bg4 5. Bc2 e6 6. d3 Be7 7. Nbd2 O-O 8. h3 Bh5 9. Nf1 Nc6 10. Ng3 Bg6 11. Qe2 d5 12. Bf4 dxe4 13. dxe4 Nh5 14. Nxh5 Bxh5 15. g4 Bg6 16. h4 h6 17. h5 Bh7 18. Qe3 e5 19. Nxe5 Nxe5 20. Bxe5 Re8 21. Bf4 Bg5 22. Bxg5 hxg5 23. h6 Qd7 24. f3 Qe7 25. O-O-O b5 26. hxg7 Kxg7 27. Rh5 f6 28. Rxh7+ Kxh7 29. e5+ Kg7 30. Qe4 Kf8 31. Rh1 Qxe5 32. Rh8+ Ke7 33. Qb7+ Kd6 34. Rxe8 Rxe8 35. Be4 Qf4+ 36. Kc2 Qh2+ 37. Kb3 c4+ 38. Ka3 Qf2 39. Qc6+ Ke7 40. Bg6 Rd8 41. Qxb5 Qb6 42. Qxc4 Qd6+ 43. Qb4 a5 44. Qxd6+ Rxd6 45. Be4 Rd2 46. b4 axb4+ 47. cxb4 Kd6 48. Kb3 Kc7 49. a4 Kb6 50. a5+ Kb5 51. Kc3 Rd1 52. Bd3+ Kc6 53. b5+ Kc5 54. b6 Kc6 55. Be4+ Kd6 56. b7 Kc7 57. a6 Ra1 58. Bd3 Ra5 59. Kd4 Re5 60. Be4 Ra5 61. Bd3 Re5 62. Bc4 Kb8 63. Bd5 Ka7 64. Bc4 Ra5 65. Ke4 Re5+ 66. Kd3 Ra5 67. Kd4 Re5 68. Bd3 Ra5 69. Ke3 Ra4 70. Kf2 Ra3 71. Be2 Ra2 72. Ke3 Ra4 73. Bd3 Rb4 74. Be2 Ra4 75. Kf2 Ra3 76. Kg3 Re3 77. Bc4 Rc3 78. Bf1 Rc1 79. Be2 Rc2 80. Kf2 Rc3 81. Ke1 Ra3 82. Kd2 Kb8 83. Bd3 Ka7 84. Ke3 Ra4 85. Ke2 Rb4 86. Kd2 Ra4 87. Kc3 Ra3+ 88. Kd4 Ra5 89. Bc4 Re5 90. Bd3 Ra5 1/2-1/2


[Site "https://www.chess.com"]

[Event "Titled Tuesday Blitz August 1 Late 2023"]
[White "Bjelobrk, Igor"]
[Black "Rodriguez Fontecha, Marcos"]
[WhiteFideId "4300726"]
[BlackFideId "2256576"]
[WhiteElo "2661"]
[BlackElo "2412"]
[Result "0-1"]
[Round "2"]
[TimeControl "180+1"]
[Date "2023.08.01"]
[WhiteClock "0:00:00"]
[BlackClock "0:00:07"]
[Board "69"]

1. d4 Nf6 2. c4 d6 3. Nf3 g6 4. Nc3 Bf5 5. Nh4 Bd7 6. e4 e5 7. Nf3 Nc6 8. d5 Ne7 9. h3 Bg7 10. g4 O-O 11. Be3 c5 12. Be2 Ne8 13. Rg1 Kh8 14. h4 f5 15. g5 a6 16. h5 Kg8 17. h6 Bh8 18. a3 Rb8 19. b4 fxe4 20. Nxe4 Nf5 21. bxc5 Nxe3 22. fxe3 dxc5 23. Nfd2 b6 24. Rb1 Bf5 25. Bg4 Nd6 26. Bxf5 gxf5 27. Nf6+ Bxf6 28. gxf6+ Kh8 29. Qh5 Qxf6 30. Ke2 b5 31. cxb5 axb5 32. Rg7 c4 33. Rbg1 c3 34. Nb3 f4 35. Rf1 Ne4 36. Qg4 b4 37. Rg1 Qxh6 38. Ra7 Rg8 0-1


[Site "https://www.chess.com"]

[Event "Titled Tuesday Blitz August 1 Late 2023"]
[White "Haydon, David L"]
[Black "Der_Balak_3Halak"]
[WhiteFideId "415405"]
[WhiteElo "2656"]
[BlackElo "2411"]
[Result "1-0"]
[Round "2"]
[TimeControl "180+1"]
[Date "2023.08.01"]
[WhiteClock "0:00:25"]
[BlackClock "0:00:19"]
[Board "70"]

1. d4 Nf6 2. Nc3 d5 3. Bf4 c5 4. e3 a6 5. Nf3 cxd4 6. exd4 Nc6 7. a3 Bg4 8. Be2 e6 9. Ne5 Bxe2 10. Nxe2 Nxe5 11. Bxe5 Bd6 12. Bxd6 Qxd6 13. c3 O-O 14. O-O Ne4 15. Qd3 Qb6 16. Rab1 Rfc8 17. Rfc1 Nd6 18. h3 h6 19. Rc2 Nc4 20. Qd1 Rc7 21. Nf4 Rac8 22. Nd3 Qd6 23. Re2 b6 24. f4 Qe7 25. Qf1 Rf8 26. Rbe1 Nd6 27. Ne5 Ne4 28. Qf3 Qe8 29. Nd3 f6 30. Kh2 Qg6 31. Rf1 f5 32. Ne5 Qe8 33. Qd3 a5 34. g4 g6 35. Rg2 Rg7 36. gxf5 gxf5 37. Rxg7+ Kxg7 38. Rg1+ Kh7 39. Qa6 Qb8 40. Qb5 Qc7 41. Qe2 Rg8 42. Rxg8 Kxg8 43. Qh5 Qg7 44. Qf3 Nd2 45. Qe2 Nc4 46. Nxc4 dxc4 47. Qxe6+ Qf7 48. Qxf7+ Kxf7 49. Kg3 Ke6 50. Kh4 Kd5 51. Kh5 Ke4 52. Kxh6 Kxf4 53. Kg6 Ke4 54. h4 f4 55. h5 f3 56. h6 f2 57. h7 f1=Q 58. h8=Q Qf5+ 59. Kg7 Qg5+ 60. Kf8 Qd8+ 61. Kg7 Qe7+ 62. Kg6 Qe6+ 63. Qf6 Qg8+ 64. Kh6 Qg4 65. Qg6+ Qxg6+ 66. Kxg6 b5 67. Kf6 b4 68. axb4 axb4 69. cxb4 Kxd4 70. Ke6 Ke4 71. Kd6 Kd4 72. Kc6 c3 73. bxc3+ Kxc3 74. b5 Kc4 75. b6 Kd4 76. b7 Ke5 77. b8=Q+ Ke4 78. Qc7 Kd4 79. Qd7+ Kc4 80. Qd5+ Kb4 81. Kd6 Ka4 82. Qc5 Kb3 83. Kc6 Ka4 84. Kb6 Kb3 85. Qd4 Kc2 86. Kc5 Kb3 87. Qe3+ Kc2 88. Kc4 Kd1 89. Qf2 Kc1 90. Kc3 Kb1 91. Qb2# 1-0


[Site "https://www.chess.com"]

[Event "Titled Tuesday Blitz August 1 Late 2023"]
[White "Shapiro, Daniel"]
[Black "Przybylski, Wojciech"]
[WhiteFideId "2001780"]
[BlackFideId "1117599"]
[WhiteElo "2382"]
[BlackElo "2649"]
[Result "0-1"]
[Round "2"]
[TimeControl "180+1"]
[Date "2023.08.01"]
[WhiteClock "0:00:00"]
[BlackClock "0:00:04"]
[Board "71"]

1. d4 d5 2. c4 c6 3. Nf3 Nf6 4. Qb3 dxc4 5. Qxc4 Bf5 6. Nc3 Nbd7 7. g3 e6 8. Bg2 Be7 9. Qb3 Qb6 10. Nd2 Qxb3 11. Nxb3 h5 12. h3 a5 13. a3 a4 14. Nd2 Nb6 15. O-O Bg6 16. Re1 O-O-O 17. e3 Nfd7 18. Bf1 e5 19. Nc4 exd4 20. exd4 Rhe8 21. Bf4 Nxc4 22. Bxc4 Nb6 23. Ba2 Rxd4 24. Be3 c5 25. Bxd4 cxd4 26. Nb5 Kd7 27. Nxd4 Bf6 28. Rxe8 Kxe8 29. Rd1 Nd7 30. Bc4 Nc5 31. Bb5+ Kf8 32. f3 h4 33. Kf2 b6 34. gxh4 Bxh4+ 35. Ke3 Bg5+ 36. f4 Bf6 37. Rd2 Bb1 38. Nf3 Bf5 39. Ne5 Bxh3 40. Bd7 Bf1 41. Bf5 Ba6 42. Bc2 Bb5 0-1


[Site "https://www.chess.com"]

[Event "Titled Tuesday Blitz August 1 Late 2023"]
[White "Jakubowski, Krzysztof"]
[Black "Elissalt Cardenas, Hector"]
[WhiteFideId "1112848"]
[BlackFideId "3500632"]
[WhiteElo "2645"]
[BlackElo "2376"]
[Result "1-0"]
[Round "2"]
[TimeControl "180+1"]
[Date "2023.08.01"]
[WhiteClock "0:01:37"]
[BlackClock "0:00:33"]
[Board "72"]

1. e4 d6 2. d4 Nf6 3. Nc3 e5 4. Nge2 Be7 5. f3 O-O 6. Be3 c6 7. a4 a5 8. g4 Na6 9. Bg2 Nb4 10. O-O Bxg4 11. fxg4 Nxg4 12. Bc1 Bg5 13. Rf3 Bxc1 14. Rxc1 exd4 15. Qxd4 Ne5 16. Rg3 f6 17. Nf4 Qe7 18. Nd1 c5 19. Qf2 Nc4 20. b3 Ne5 21. Ne3 1-0


[Site "https://www.chess.com"]

[Event "Titled Tuesday Blitz August 1 Late 2023"]
[White "AndresDelgado77"]
[Black "Fishbein, Alexander"]
[BlackFideId "2000377"]
[WhiteElo "2374"]
[BlackElo "2642"]
[Result "0-1"]
[Round "2"]
[TimeControl "180+1"]
[Date "2023.08.01"]
[WhiteClock "0:00:00"]
[BlackClock "0:01:36"]
[Board "73"]

1. e4 c5 2. Nf3 d6 3. c3 Nf6 4. h3 Nc6 5. Bd3 d5 6. e5 c4 7. Bc2 Ne4 8. d4 cxd3 9. Qxd3 Bf5 10. Qb5 Qd7 11. e6 Bxe6 12. c4 Nd6 13. Qa4 dxc4 14. Nc3 g6 15. Bf4 Bg7 16. Rd1 O-O 17. Nb5 Ne5 18. Bxe5 Qxb5 19. Qxb5 Nxb5 20. a4 Nd6 21. O-O Bxe5 22. Nxe5 Rfd8 23. Rd4 Rac8 24. Bd1 Nf5 25. Rxd8+ Rxd8 26. Bf3 Bd5 27. Rd1 e6 28. g4 Ne7 0-1


[Site "https://www.chess.com"]

[Event "Titled Tuesday Blitz August 1 Late 2023"]
[White "Adewumi, Tanitoluwa"]
[Black "Bach, Matthias"]
[WhiteFideId "30966396"]
[BlackFideId "4603168"]
[WhiteElo "2636"]
[BlackElo "2374"]
[Result "1-0"]
[Round "2"]
[TimeControl "180+1"]
[Date "2023.08.01"]
[WhiteClock "0:00:17"]
[BlackClock "0:00:08"]
[Board "74"]

1. e4 e5 2. Nf3 Nc6 3. Bc4 Nf6 4. d3 d6 5. c3 Be6 6. Bxe6 fxe6 7. Qb3 Qd7 8. Qxb7 Rb8 9. Qa6 Be7 10. O-O O-O 11. Qa4 d5 12. Nbd2 Qd6 13. Nb3 Nh5 14. Be3 Rxf3 15. gxf3 Nf4 16. Kh1 Nxd3 17. exd5 exd5 18. Qg4 Qf6 19. Rad1 e4 20. fxe4 dxe4 21. Qxe4 Nde5 22. f4 Ng4 23. Nd4 Qh6 24. Rd2 Nxe3 25. Qxe3 Bc5 26. Qe6+ Qxe6 27. Nxe6 Bd6 28. Rg2 g6 29. f5 Re8 30. Re1 Be5 31. Nxc7 Re7 32. Nd5 Rf7 33. fxg6 hxg6 34. Rxg6+ 1-0


[Site "https://www.chess.com"]

[Event "Titled Tuesday Blitz August 1 Late 2023"]
[White "Abduzhaparov"]
[Black "Ovchinnikov, Vsevolod"]
[BlackFideId "24176842"]
[WhiteElo "2371"]
[BlackElo "2635"]
[Result "1-0"]
[Round "2"]
[TimeControl "180+1"]
[Date "2023.08.01"]
[WhiteClock "0:00:32"]
[BlackClock "0:00:00"]
[Board "75"]

1. Nf3 Nf6 2. c4 g6 3. Nc3 d5 4. Qa4+ c6 5. cxd5 Nxd5 6. Nxd5 Qxd5 7. e4 Qd8 8. d4 Bg7 9. Be2 Bg4 10. Be3 O-O 11. Rd1 Nd7 12. Qb3 Qb6 13. Qa3 Rfe8 14. O-O Qc7 15. Rc1 Qd6 16. Qb3 Rab8 17. Rfd1 Bxf3 18. Bxf3 e6 19. g3 a6 20. Bf4 Qe7 21. Bxb8 Rxb8 22. Bg2 Qd6 23. d5 exd5 24. exd5 c5 25. Qe3 Bxb2 26. Rb1 Bd4 27. Rxd4 cxd4 28. Qxd4 Qc5 29. Qf4 Qc2 30. Re1 Rf8 31. h4 1-0


[Site "https://www.chess.com"]

[Event "Titled Tuesday Blitz August 1 Late 2023"]
[White "Araujo Sanchez, Josue"]
[Black "Kujawski, Adam"]
[WhiteFideId "6416896"]
[BlackFideId "1100920"]
[WhiteElo "2630"]
[BlackElo "2354"]
[Result "1-0"]
[Round "2"]
[TimeControl "180+1"]
[Date "2023.08.01"]
[WhiteClock "0:00:09"]
[BlackClock "0:00:00"]
[Board "76"]

1. b3 e5 2. Bb2 Nc6 3. e3 d5 4. Bb5 Bd6 5. Bxc6+ bxc6 6. Ne2 Nf6 7. O-O a5 8. a4 Ba6 9. d3 O-O 10. Nd2 Qe7 11. Ng3 g6 12. e4 Nd7 13. Re1 f5 14. f3 f4 15. Ne2 Rae8 16. Kh1 Qh4 17. Rg1 Bc5 18. Rf1 g5 19. Qe1 Qh5 20. g4 Qh3 21. Ng1 Qh6 22. Bc3 Bb6 23. Rf2 Bxf2 24. Qxf2 Qd6 25. Re1 d4 26. Bb2 c5 27. Ba3 Nb6 28. h4 gxh4 29. Nh3 Re6 30. Rg1 Rh6 31. Kh2 Kh8 32. Nf1 Rg8 33. Rg2 Nd7 34. Qe1 Nf8 35. Qxa5 Nd7 36. b4 cxb4 37. Bxb4 Qb6 38. Qd5 Qxb4 39. Qxd7 Qe1 40. Nd2 Rb6 41. Qxc7 1-0


[Site "https://www.chess.com"]

[Event "Titled Tuesday Blitz August 1 Late 2023"]
[White "Nikologorsky, Matfei"]
[Black "Aldokhin, Ivan"]
[WhiteFideId "24102474"]
[BlackFideId "24115720"]
[WhiteElo "2345"]
[BlackElo "2622"]
[Result "1-0"]
[Round "2"]
[TimeControl "180+1"]
[Date "2023.08.01"]
[WhiteClock "0:00:32"]
[BlackClock "0:00:00"]
[Board "77"]

1. e4 c5 2. Nf3 e6 3. d4 cxd4 4. Nxd4 a6 5. Nc3 Qc7 6. Be2 Nf6 7. O-O d6 8. Re1 Be7 9. a4 O-O 10. Bf1 b6 11. f4 Bb7 12. e5 dxe5 13. fxe5 Nfd7 14. Nf3 Bxf3 15. Qxf3 Nc6 16. Qg3 Kh8 17. Bf4 Nd4 18. Bd3 Nc5 19. Kh1 Nxd3 20. Qxd3 Rfd8 21. Qe4 Qc6 22. Qxc6 Nxc6 23. Rad1 Nb4 24. Rc1 Rac8 25. Be3 Rc6 26. Kg1 Bc5 27. Kf2 Rd2+ 28. Re2 Bxe3+ 29. Kxe3 Rxe2+ 30. Kxe2 h6 31. Rd1 Rc5 32. Rd6 Rxe5+ 33. Kf3 b5 34. axb5 axb5 35. Rb6 Nxc2 36. Kf4 f6 37. Rxb5 Rxb5 38. Nxb5 Nb4 39. Ke3 Kg8 40. Nd4 Kf7 41. Nf3 e5 42. Ke4 Ke6 43. Nh4 Na6 44. g4 Nc5+ 45. Ke3 Nd7 46. Nf5 g6 47. Nxh6 Nb6 48. b3 Nd5+ 49. Ke4 Nc3+ 50. Kd3 Nd5 51. h4 f5 52. h5 e4+ 53. Kd4 1-0


[Site "https://www.chess.com"]

[Event "Titled Tuesday Blitz August 1 Late 2023"]
[White "Ai, Evan"]
[Black "Piesik, Piotr"]
[WhiteFideId "2094770"]
[BlackFideId "1136194"]
[WhiteElo "2316"]
[BlackElo "2615"]
[Result "0-1"]
[Round "2"]
[TimeControl "180+1"]
[Date "2023.08.01"]
[WhiteClock "0:00:34"]
[BlackClock "0:01:44"]
[Board "78"]

1. e3 g6 2. d4 Bg7 3. c4 d6 4. Nc3 Nd7 5. Nf3 e5 6. Be2 Ngf6 7. b3 O-O 8. Bb2 Re8 9. O-O c6 10. dxe5 dxe5 11. Nd2 Nc5 12. Qc2 Bf5 13. e4 Bd7 14. Rad1 Qc7 15. Nf3 Bg4 16. Ba3 Bf8 17. Bxc5 Bxc5 18. Ne1 Bxe2 19. Nxe2 Rad8 20. Nd3 Nxe4 21. Kh1 Rxd3 22. Rxd3 Nxf2+ 23. Rxf2 Bxf2 24. Nc3 Bd4 25. Ne4 Qe7 26. Rg3 f5 27. Nd2 e4 28. Nf1 Qe5 29. Qe2 Bc5 30. h4 Qd4 31. Kh2 Bd6 0-1


[Site "https://www.chess.com"]

[Event "Titled Tuesday Blitz August 1 Late 2023"]
[White "Ardila, Oscar Humberto"]
[Black "Karaoglan, Doruk"]
[WhiteFideId "4404742"]
[BlackFideId "6390927"]
[WhiteElo "2312"]
[BlackElo "2611"]
[Result "0-1"]
[Round "2"]
[TimeControl "180+1"]
[Date "2023.08.01"]
[WhiteClock "0:00:18"]
[BlackClock "0:01:11"]
[Board "80"]

1. d4 Nf6 2. Nf3 g6 3. c4 Bg7 4. Nc3 d6 5. e3 O-O 6. Be2 Nfd7 7. O-O e5 8. dxe5 dxe5 9. Qc2 c6 10. Rd1 Qe7 11. b3 a5 12. a4 Na6 13. Ba3 Nb4 14. Qd2 Nc5 15. Qd6 Qxd6 16. Rxd6 e4 17. Nd4 Be5 18. Ncb5 cxb5 19. Rb6 Bxd4 20. exd4 Nxb3 21. Rb1 Nxd4 22. Kf1 Nxe2 23. Kxe2 bxc4 24. Rc1 Be6 25. Rxb7 Rfb8 26. Rxb8+ Rxb8 27. Rb1 c3 28. Rc1 Rc8 29. Ke3 Nd3 30. Rc2 Bb3 31. Re2 c2 32. Kxe4 c1=Q 33. Bxc1 Nxc1 34. Rd2 Bxa4 35. Kf4 Be8 36. Kg5 a4 37. Kh6 a3 38. Rd6 Ra8 39. h4 a2 40. h5 a1=Q 41. hxg6 Qg7+ 42. Kg5 Ra5+ 43. Kh4 Qh6+ 44. Kg3 Qg5+ 45. Kf3 Ra3+ 46. Ke4 hxg6 47. Rd5 Bc6 48. f4 Bxd5+ 49. Kd4 Qxf4+ 50. Kc5 Ra5+ 51. Kb6 Qb4+ 52. Kc7 Qc5+ 53. Kd7 Ra7+ 54. Kd8 Qc7+ 55. Ke8 Bc6# 0-1


[Site "https://www.chess.com"]

[Event "Titled Tuesday Blitz August 1 Late 2023"]
[White "Ward, Ieuan C"]
[Black "Sivakumar, Shaashwath"]
[WhiteFideId "406627"]
[BlackFideId "30912156"]
[WhiteElo "2300"]
[BlackElo "2604"]
[Result "0-1"]
[Round "2"]
[TimeControl "180+1"]
[Date "2023.08.01"]
[WhiteClock "0:00:02"]
[BlackClock "0:01:34"]
[Board "81"]

1. d4 d5 2. c4 c6 3. Nf3 Nf6 4. Nc3 dxc4 5. a4 Bf5 6. e3 e6 7. Bxc4 Bb4 8. O-O Nbd7 9. Qe2 Bg6 10. Rd1 O-O 11. Ne5 Nxe5 12. dxe5 Nd7 13. Na2 Be7 14. b3 Qc7 15. f4 Nc5 16. Bb2 b5 17. axb5 cxb5 18. Bxb5 Nxb3 19. Rd7 Qa5 20. Rxe7 Nxa1 21. Bxa1 Rab8 22. Bc3 Qxb5 23. Qxb5 Rxb5 24. Rxa7 Rc8 25. Bd4 h5 26. Nc3 Rb3 27. Ne2 Rc2 28. Ng3 h4 29. Nf1 Be4 0-1


[Site "https://www.chess.com"]

[Event "Titled Tuesday Blitz August 1 Late 2023"]
[White "Jimenez Almeida, Luis David"]
[Black "Pein, Malcolm"]
[WhiteFideId "22242244"]
[BlackFideId "400289"]
[WhiteElo "2604"]
[BlackElo "2287"]
[Result "1-0"]
[Round "2"]
[TimeControl "180+1"]
[Date "2023.08.01"]
[WhiteClock "0:01:11"]
[BlackClock "0:00:32"]
[Board "82"]

1. e4 c5 2. Nc3 Nc6 3. Nge2 Nf6 4. g3 d6 5. Bg2 g6 6. O-O Bg7 7. d3 O-O 8. h3 Rb8 9. a4 a6 10. Be3 b5 11. axb5 axb5 12. Qd2 b4 13. Nd1 Bb7 14. Bh6 e5 15. Bxg7 Kxg7 16. f4 Nd7 17. Ne3 f6 18. c3 Nb6 19. g4 Ra8 20. h4 Rxa1 21. Rxa1 Qe7 22. f5 Ra8 23. Rf1 Ra2 24. g5 bxc3 25. Nxc3 Ra8 26. fxg6 Rf8 27. Nf5+ 1-0


[Site "https://www.chess.com"]

[Event "Titled Tuesday Blitz August 1 Late 2023"]
[White "Vafin, Ayrat"]
[Black "Pinheiro, Iung Alicio de O."]
[WhiteFideId "4146530"]
[BlackFideId "2104350"]
[WhiteElo "2282"]
[BlackElo "2603"]
[Result "0-1"]
[Round "2"]
[TimeControl "180+1"]
[Date "2023.08.01"]
[WhiteClock "0:00:07"]
[BlackClock "0:00:09"]
[Board "83"]

1. Nf3 d5 2. g3 c6 3. Bg2 Nf6 4. O-O Bf5 5. d3 h6 6. c4 e6 7. Be3 dxc4 8. dxc4 Qxd1 9. Rxd1 Nbd7 10. Nc3 Bc5 11. Bd2 Ng4 12. Be1 Nge5 13. Rac1 Nxf3+ 14. Bxf3 Ne5 15. Bg2 Rd8 16. Rxd8+ Kxd8 17. Na4 Be7 18. Bc3 Bf6 19. f4 Nd7 20. Bxf6+ Nxf6 21. Nc5 b6 22. Nb3 Kc7 23. Nd4 Be4 24. Bxe4 Nxe4 25. Kf1 Rd8 26. Rd1 a6 27. Ke1 Nd6 28. b3 c5 29. Nf3 Ra8 30. Ne5 f6 31. Nd3 Ne4 32. Nf2 Nc3 33. Rd2 b5 34. Rc2 b4 35. Nd1 Ne4 36. Nf2 Nd6 37. Rd2 Kc6 38. e4 a5 39. Ke2 a4 40. e5 fxe5 41. fxe5 Nf5 42. Kf1 axb3 43. axb3 Ra3 44. g4 Nd4 45. Ne4 Rxb3 46. Rf2 Rf3 47. Rxf3 Nxf3 48. Ke2 Nxe5 49. Nd2 Nxg4 50. Kf3 Nf6 51. Kf4 Kd6 52. Ke3 e5 53. Nf3 Ng4+ 54. Ke4 Nf2+ 55. Ke3 Nd1+ 56. Kd2 Nb2 57. Kc2 Nxc4 58. Kd3 Nb6 59. Nd2 c4+ 60. Ke3 Kc5 61. Ne4+ Kb5 62. Nd2 Ka4 63. Ne4 Ka3 64. Nc5 b3 65. Kd2 Ka2 66. Na4 Nxa4 67. Kc1 b2+ 68. Kd2 b1=Q 0-1


[Site "https://www.chess.com"]

[Event "Titled Tuesday Blitz August 1 Late 2023"]
[White "Wu, Rochelle"]
[Black "Andreassen, Lars"]
[WhiteFideId "30908132"]
[BlackFideId "1504878"]
[WhiteElo "2603"]
[BlackElo "2277"]
[Result "1-0"]
[Round "2"]
[TimeControl "180+1"]
[Date "2023.08.01"]
[WhiteClock "0:00:52"]
[BlackClock "0:00:14"]
[Board "84"]

1. d4 d5 2. c3 Nf6 3. g3 g6 4. Bg2 Bg7 5. Nf3 O-O 6. O-O c6 7. Re1 Bf5 8. Nbd2 Ne4 9. Nh4 Nxd2 10. Bxd2 Bd7 11. Qc2 Na6 12. e4 dxe4 13. Bxe4 Nc7 14. Rad1 Bh3 15. Nf3 e6 16. c4 Bf5 17. Bxf5 gxf5 18. Bf4 Rc8 19. g4 fxg4 20. Ng5 f5 21. Nxe6 Nxe6 22. Rxe6 Bxd4 23. Rd6 Bxf2+ 24. Qxf2 Qa5 25. Rd7 Rcd8 26. Qh4 Rxd7 27. Rxd7 Rf7 28. Rd8+ Rf8 29. Qg5+ Kf7 30. Rd7+ 1-0


[Site "https://www.chess.com"]